 Dungeon Crawl Stone Soup version 0.21-a0-474-g05767a10c8 (webtiles) character file.

98 Malachi the Skirmisher (level 4, 21/38 HPs)
             Began as a Barachi Berserker on Oct 10, 2017.
             Was a Believer of Trog.
             Got out of the dungeon alive.
             The game lasted 00:02:59 (1476 turns).

Malachi the Skirmisher (Barachi Berserker)          Turns: 1476, Time: 00:03:00

Health: 21/38      AC:  4    Str: 20    XL:     4   Next: 71%
Magic:  4/4        EV: 13    Int:  7    God:    Trog [**....]
Gold:   63         SH:  0    Dex: 11    Spells: 3/3 levels left

rFire    . . .     SeeInvis .   a - +0 hand axe
rCold    . . .     Gourm    .   (no shield)
rNeg     . . .     Faith    .   b - +0 animal skin
rPois    .         Spirit   .   (no helmet)
rElec    .         Reflect  .   (no cloak)
rCorr    .         Harm     .   l - +1 pair of gloves
MR       .....                  (no boots)
Stlth    ++........             (no amulet)
HPRegen  0.12/turn              (no ring)
MPRegen  0.09/turn              (no ring)

@: slow
A: +LOS, swims, slowness 1, strong legs 1
a: Hop, Berserk, Trog's Hand, Burn Spellbooks, Renounce Religion


You escaped.
You worshipped Trog.
Trog was pleased with you.
You were not hungry.

You visited 1 branch of the dungeon, and saw 3 of its levels.

You collected 63 gold pieces.

Inventory:

Hand Weapons
 a - a +0 hand axe (weapon)
 j - a +1 short sword of holy wrath
 k - a +0 short sword of electrocution
Armour
 b - a +0 animal skin (worn)
 l - a +1 pair of gloves (worn)
Scrolls
 d - 2 scrolls of magic mapping {unknown}
 e - 4 scrolls of enchant weapon {unknown}
 f - a scroll of fog {unknown}
 g - 4 scrolls of remove curse {unknown}
 h - a scroll of noise {unknown}
 i - a scroll of teleportation {unknown}
 p - a scroll of identify {unknown}
Potions
 n - a potion of flight {unknown}
 o - a potion of curing {unknown}
Comestibles
 c - 2 bread rations
 m - 7 chunks of flesh


   Skills:
 + Level 4.5 Fighting
 + Level 4.4 Axes
 + Level 2.6 Armour
 + Level 2.8 Dodging
 + Level 1.2 Stealth


You had 3 spell levels left.
You didn't know any spells.

Dungeon Overview and Level Annotations

Branches:
Dungeon (3/15)

Altars:


Innate Abilities, Weirdness & Mutations

Shadows flee at your approach. (+LOS)
You can swim through water.
You cover ground slowly.
You can hop short distances.


Message History

There isn't anything here!
Eat one of 8 chunks of flesh? (ye/n/q)
You eat one of the 8 chunks of flesh.
This raw flesh tastes terrible.
Okay, then.
Unknown command.
Unknown command.
Welcome back, Malachi the Barachi Berserker.
Trog says: Kill them all!
Press ? for a list of commands and other information.
You feel yourself speed up.
There is a stone staircase leading up here.
You climb upwards.
There is a stone staircase leading down here.
There is a stone staircase leading up here.
You recover from your berserk rage.
You climb upwards.
There is a stone staircase leading down here.
There is a staircase leading out of the dungeon here.
Are you sure you want to leave the Dungeon?
This will make you lose the game!
You have escaped!

..# #..# #....# ####.# #...# ..#
#..###....# #.# #.#.#
..####.........# #####.# #.#.#
...............###.....######.#.#
##.........#..............#...#.#
#...........≈≈≈≈≈≈≈..###.#.###.#
######.....≈≈.♣...≈≈..##.#.# #.#
#....≈≈.......≈≈..#.#.###.#
#######...≈≈....@.8..≈≈.#.#..)...
..........≈..8.....♣..≈.#.#####.#
..........≈...........≈.#.# #.#
..........≈≈.......♣.≈≈.#.#####†#
...........≈≈.♣..8..≈≈..#.....#.#
#######.....≈≈.....≈≈..######.#.#
#......≈≈≈.≈≈≈............#
#.#.............#.###.###.#
#.##............#.#.....#..


There were no monsters in sight!

Vanquished Creatures
  4 adders
  An ooze (D:1)
  2 dart slugs (D:2)
  10 bats
  2 giant cockroaches (D:2)
  6 hobgoblins
  2 jackals (D:3)
  5 kobolds
  A quokka (D:2)
  A ball python (D:1)
  5 frilled lizards
  6 goblins
  12 rats
57 creatures vanquished.

Notes
Turn   | Place    | Note
-------+----------+-------------------------------------------
     0 | D:1      | Malachi the Barachi Berserker began the quest for the Orb.
     0 | D:1      | Reached XP level 1. HP: 18/18 MP: 1/1
   149 | D:1      | Reached XP level 2. HP: 25/25 MP: 2/2
   413 | D:1      | Reached XP level 3. HP: 26/30 MP: 3/3
   422 | D:1      | Reached ** piety under Trog
   950 | D:2      | Reached skill level 1 in Stealth
   950 | D:2      | Reached XP level 4. HP: 10/38 MP: 4/4
  1412 | D:3      | Upgraded the game from 0.21-a0-352-g5b8f553 to 0.21-a0-474-g05767a10c8
  1476 | D:$      | Got out of the dungeon alive.

Vault maps used:
D:1:      moated_graveyard_arrival, minmay_rat_gold_closets
D:2:      first_bread
D:3:      uniq_robin

Skill      XL: |  1  2  3 |
---------------+----------+-----
Fighting       | 4 |  4.5
Axes           | 4 |  4.4
Stealth        | 1 |  1.2
Armour         | |  2.6
Dodging        | |  2.8

Action                   |  1- 3 |  4- 6 || total
-------------------------+-------+-------++-------
Melee: Hand axe          |   116 |    37 ||   153
       Short sword       |    16 |       ||    16
Invok: Berserk           |       |     1 ||     1
  Use: Potion            |     2 |       ||     2
 Stab: Sleeping          |     6 |       ||     6
  Eat: Chunk             |       |     4 ||     4
Armor: Animal skin       |    33 |     7 ||    40
       Skin              |     6 |     2 ||     8
Dodge: Dodged            |    86 |    36 ||   122

Table legend:
 A = Spawn XP
 B = Non-spawn XP
 C = Spawn XP percentage of total XP
 D = Spawn monster count
 E = Non-spawn monster count
 F = Spawn count percentage of total count
 G = Total turns spent on level
                    A         B        C        D         E        F      G
               +---------+---------+-------+---------+---------+-------+---------
         Total |       0 |     141 |   0.0 |       0 |      57 |   0.0 |  1476
               +---------+---------+-------+---------+---------+-------+---------
           D:1 |       0 |      48 |   0.0 |       0 |      32 |   0.0 |   679
           D:2 |       0 |      60 |   0.0 |       0 |      19 |   0.0 |   712
           D:3 |       0 |      33 |   0.0 |       0 |       6 |   0.0 |    85
               +---------+---------+-------+---------+---------+-------+---------
